[Event "Caplin Hastings Masters 2023-24"]
[Site "Hastings"]
[Date "2024.01.02"]
[Round "6.35"]
[White "Batchelor, Paul A"]
[Black "Larkin, Benjamin"]
[Result "0-1"]
[ECO "D85"]
[WhiteElo "1937"]
[BlackElo "1814"]
[Annotator "NA RC"]
[PlyCount "136"]
[EventDate "2023.12.18"]
[EventType "swiss"]
[EventCountry "ENG"]
[SourceTitle "playchess.com"]
[Source "ChessBase"]
[SourceQuality "1"]
[TimeControl "40/6000+30:3000+30"]

1. d4 Nf6 2. c4 g6 3. Nc3 d5 4. cxd5 Nxd5 5. e4 Nxc3 6. bxc3 Bg7 7. Be3 c5 8. Qd2 O-O 9. Nf3 Qa5 10. Rc1 Bg4 11. d5 Bxf3 12. gxf3 Nd7 13. c4 Qxd2+ 14. Kxd2 b6 15. Be2 e6 16. h4 exd5 17. cxd5 h6 18. Rhg1 Kh7 19. Bb5 Rad8 20. Bxd7 Rxd7 21. h5 g5 22. a4 f5 23. Ke2 Re8 24. Rc4 Rde7 25. d6 Rd7 26. Rd1 f4 27. Bd2 Re6 28. Bc3 Rexd6 29. Rxd6 Rxd6 30. e5 Rd5 31. Re4 Kg8 32. e6 Rd8 33. e7 Re8 34. Bxg7 Kxg7 35. Re6 Kf7 36. Rxh6 Rxe7+ 37. Kd3 Rd7+ 38. Kc3 Kg8 39. Rc6 Rh7 40. h6 Rd7 41. a5 Rb7 42. a6 Rd7 43. Rc8+ Kh7 44. Rb8 Kxh6 45. Rb7 Rg7 46. Kd3 Kg6 47. Ke4 Kf6 48. Kd5 Re7 49. Kd6 Re6+ 50. Kd5 Re7 51. Kd6 Rf7 52. Kd5 Kg6 53. Ke6 Rf6+ 54. Kd5 Rf7 55. Ke6 Rg7 56. Kd5 Kf6 57. Kc4 Re7 58. Kd5 Rf7 59. Kc4 Ke6 60. Rb8 Rc7 61. Rg8 b5+ 62. Kxb5 c4 63. Rxg5 c3 64. Rg1 c2 65. Rc1 Kd5 66. Kb4 Kd4 67. Kb3 Kd3 68. Kb2 Kd2 0-1

[Event "Caplin Hastings Masters 2023-24"]
[Site "Hastings"]
[Date "2024.01.02"]
[Round "6.36"]
[White "Flynn, David"]
[Black "Fryer, David W"]
[Result "1-0"]
[ECO "C46"]
[WhiteElo "1791"]
[BlackElo "1914"]
[Annotator "RC"]
[PlyCount "137"]
[EventDate "2023.12.18"]
[EventType "swiss"]
[EventCountry "ENG"]
[SourceTitle "playchess.com"]
[Source "ChessBase"]
[SourceQuality "1"]
[TimeControl "40/6000+30:3000+30"]

1. e4 e5 2. Nf3 Nc6 3. d4 exd4 4. Nxd4 d6 5. Nc3 Bd7 6. Nde2 g6 7. Be3 Bg7 8. Qd2 a6 9. g3 Ne5 10. Ng1 b5 11. Bd4 Nf6 12. Qe2 O-O 13. Bg2 c6 14. O-O-O Qc7 15. f4 Nc4 16. b3 Qa5 17. bxc4 c5 18. Bxf6 Qa3+ 19. Kd2 Bxf6 20. Nd5 Bd4 21. Qd3 Qa5+ 22. Ke2 bxc4 23. Qd2 c3 24. Qc1 Bb5+ 25. Kf3 f5 26. Bf1 fxe4+ 27. Kg2 Rae8 28. Bxb5 axb5 29. Ne2 Bg7 30. Qb1 b4 31. Qb3 Kh8 32. Qc4 Qa4 33. Qb3 Qd7 34. Ne3 g5 35. Rhf1 h5 36. Qd5 Rf6 37. Qxg5 Qf7 38. Qd5 Qg6 39. Nc1 Ref8 40. Ne2 h4 41. Qg5 Qh7 42. Rh1 h3+ 43. Kf2 Rh6 44. Rhf1 Rg6 45. Qe7 Qh6 46. Rd5 Be5 47. Ke1 Re6 48. Qd7 Bg7 49. Nf5 Qf6 50. Qxg7+ Qxg7 51. Nxg7 Kxg7 52. Kf2 Ra8 53. Nc1 Kf7 54. Re1 Ra6 55. g4 Re8 56. Kg3 Rea8 57. Rxe4 Rxa2 58. Nxa2 Rxa2 59. Rf5+ Kg8 60. Re8+ Kg7 61. Re7+ Kg6 62. Re6+ Kg7 63. Rxd6 Rxc2 64. Rxc5 Re2 65. Rb6 b3 66. Rc7+ Kf8 67. Rb8+ Re8 68. Rxe8+ Kxe8 69. Rxc3 1-0

[Event "Caplin Hastings Masters 2023-24"]
[Site "Hastings"]
[Date "2024.01.02"]
[Round "6.37"]
[White "Honey, Luke Anthony"]
[Black "Rastogi, Nayan Keats"]
[Result "1-0"]
[ECO "B90"]
[WhiteElo "1907"]
[BlackElo "1662"]
[Annotator "NA RC"]
[PlyCount "95"]
[EventDate "2023.12.18"]
[EventType "swiss"]
[EventCountry "ENG"]
[SourceTitle "playchess.com"]
[Source "ChessBase"]
[SourceQuality "1"]
[TimeControl "40/6000+30:3000+30"]

1. e4 c5 2. Nf3 d6 3. d4 cxd4 4. Nxd4 Nf6 5. Nc3 a6 6. Rg1 e5 7. Nb3 Be6 8. g4 d5 9. exd5 Nxd5 10. Nxd5 Qxd5 11. Qxd5 Bxd5 12. Be3 Nc6 13. O-O-O O-O-O 14. Bb6 Rd6 15. g5 Be6 16. Bg2 Nb4 17. Rxd6 Bxd6 18. Na5 e4 19. Bxe4 Nd5 20. Bxd5 Bxd5 21. Rd1 Bf4+ 22. Be3 Bxe3+ 23. fxe3 Bf3 24. Rd4 Re8 25. Nc4 Kc7 26. Kd2 Re6 27. Rf4 Bh5 28. b3 Bg6 29. h4 b5 30. Nb2 f6 31. gxf6 gxf6 32. Nd3 Rd6 33. Rd4 f5 34. Nf4 Bf7 35. Kd3 b4 36. Rxd6 Kxd6 37. Kd4 a5 38. Nd3 Bd5 39. Ne5 Be4 40. Nc4+ Kc6 41. Nxa5+ Kb5 42. Nc4 Bxc2 43. a4+ Ka6 44. Nd2 Ka5 45. Kc5 Bxb3 46. Nxb3+ Kxa4 47. Kc4 Ka3 48. Nc5 1-0

[Event "Caplin Hastings Masters 2023-24"]
[Site "Hastings"]
[Date "2024.01.02"]
[Round "6.38"]
[White "Nainika, Gupta"]
[Black "Ortiz Sanchez, Luis"]
[Result "1-0"]
[ECO "B22"]
[WhiteElo "1543"]
[BlackElo "1863"]
[Annotator "NA RC"]
[PlyCount "111"]
[EventDate "2023.12.18"]
[EventType "swiss"]
[EventCountry "ENG"]
[SourceTitle "playchess.com"]
[Source "ChessBase"]
[SourceQuality "1"]
[TimeControl "40/6000+30:3000+30"]

1. e4 c5 2. d4 cxd4 3. c3 Nf6 4. e5 Nd5 5. Qxd4 e6 6. Bd3 Nc6 7. Qe4 f5 8. exf6 Nxf6 9. Qh4 Ne5 10. Bc2 Nf7 11. Nf3 Be7 12. O-O d5 13. Re1 Bd7 14. a4 g6 15. Ng5 Ne4 16. Bxe4 Bxg5 17. Bxg5 Qxg5 18. Qxg5 Nxg5 19. Bxd5 O-O-O 20. Bb3 Rhe8 21. Na3 Nf7 22. Nc2 Nd6 23. Rad1 Nf5 24. f3 Kc7 25. Nd4 e5 26. Nxf5 gxf5 27. Bc2 Re7 28. b4 b6 29. Bb3 Bc6 30. Rxd8 Kxd8 31. b5 Bb7 32. Bc2 Bc8 33. Rd1+ Ke8 34. Rd6 Rc7 35. Rf6 Ke7 36. Rh6 Rxc3 37. Rxh7+ Kf6 38. Rh6+ Ke7 39. Rc6 Rxc6 40. bxc6 Kd6 41. h4 Ke7 42. Bb3 f4 43. Bd5 a6 44. Kf2 Kf6 45. h5 b5 46. axb5 axb5 47. Ke2 b4 48. Kd3 Ba6+ 49. Bc4 Bc8 50. Kc2 Kg5 51. Bf7 Kf6 52. Be8 Kg5 53. Bd7 Ba6 54. c7 Kxh5 55. c8=Q Bxc8 56. Bxc8 1-0

[Event "Caplin Hastings Masters 2023-24"]
[Site "Hastings"]
[Date "2024.01.02"]
[Round "6.39"]
[White "Seo, Juwon"]
[Black "Sivanandan, Bodhana"]
[Result "0-1"]
[ECO "B15"]
[WhiteElo "1405"]
[BlackElo "1857"]
[Annotator "NA RC"]
[PlyCount "104"]
[EventDate "2023.12.18"]
[EventType "swiss"]
[EventCountry "ENG"]
[SourceTitle "playchess.com"]
[Source "ChessBase"]
[SourceQuality "1"]
[TimeControl "40/6000+30:3000+30"]

1. e4 c6 2. d4 d5 3. Nc3 dxe4 4. Nxe4 Nf6 5. Nxf6+ exf6 6. c3 Bd6 7. Bd3 O-O 8. Qc2 Re8+ 9. Ne2 h5 10. O-O h4 11. h3 Nd7 12. Be3 Nf8 13. Rad1 Bd7 14. Nf4 Rc8 15. Rfe1 Bb8 16. Bf5 g6 17. Bxd7 Qxd7 18. Qb3 Rcd8 19. Bd2 Qc7 20. Be3 Ne6 21. Ne2 Qh2+ 22. Kf1 Qh1+ 23. Ng1 Bh2 24. Ke2 Qxg2 25. Kd2 c5 26. Kc1 cxd4 27. cxd4 Nxd4 28. Bxd4 Rxe1 29. Rxe1 Rxd4 30. Qa3 Kg7 31. Nf3 Rc4+ 32. Kb1 Qxf2 33. Qd3 Rf4 34. Rf1 Qg2 35. a3 Qxh3 36. Qe2 Bg3 37. Ka1 Qf5 38. Qg2 g5 39. Nd2 Rxf1+ 40. Nxf1 Qf2 41. Qxf2 Bxf2 42. Nh2 f5 43. Kb1 g4 44. Kc2 g3 45. Nf3 h3 46. Kd2 h2 47. Nxh2 gxh2 48. Ke2 h1=Q 49. Kxf2 f4 50. b4 Qh2+ 51. Kf1 f3 52. Ke1 Qe2# 0-1

[Event "Caplin Hastings Masters 2023-24"]
[Site "Hastings"]
[Date "2024.01.02"]
[Round "6.41"]
[White "Kovalskyi, Roman"]
[Black "Howell, Oliver W"]
[Result "1-0"]
[ECO "C02"]
[WhiteElo "2009"]
[BlackElo "1782"]
[Annotator "NA RC"]
[PlyCount "71"]
[EventDate "2023.12.18"]
[EventType "swiss"]
[EventCountry "ENG"]
[SourceTitle "playchess.com"]
[Source "ChessBase"]
[SourceQuality "1"]
[TimeControl "40/6000+30:3000+30"]

1. e4 e6 2. d4 d5 3. e5 c5 4. c3 Nc6 5. Nf3 Bd7 6. Be2 Nge7 7. Na3 cxd4 8. cxd4 Qb6 9. O-O Rc8 10. Kh1 Nf5 11. Nc2 Nb4 12. Nxb4 Qxb4 13. Bd3 Bb5 14. Bd2 Qa4 15. Rc1 Kd7 16. Rxc8 Kxc8 17. Bxf5 exf5 18. Qxa4 Bxa4 19. Ng5 Be8 20. Rc1+ Kb8 21. Bf4 Bc6 22. e6+ Kc8 23. Nxf7 g5 24. Bxg5 Rg8 25. e7 Bxe7 26. Bxe7 Rg7 27. Nd6+ Kd7 28. Nxf5 Rf7 29. g4 Rxf5 30. gxf5 Kxe7 31. Re1+ Kf6 32. Re5 Bd7 33. Kg1 Bxf5 34. Rxd5 Be6 35. Rd6 Ke7 36. Rxe6+ 1-0

[Event "Caplin Hastings Masters 2023-24"]
[Site "Hastings"]
[Date "2024.01.02"]
[Round "6.42"]
[White "Ruane, Brendan J"]
[Black "Moracchini, Margaux"]
[Result "0-1"]
[ECO "B51"]
[WhiteElo "1823"]
[BlackElo "1922"]
[Annotator "NA RC"]
[PlyCount "76"]
[EventDate "2023.12.18"]
[EventType "swiss"]
[EventCountry "ENG"]
[SourceTitle "playchess.com"]
[Source "ChessBase"]
[SourceQuality "1"]
[TimeControl "40/6000+30:3000+30"]

1. e4 c5 2. Nf3 d6 3. Bb5+ Nd7 4. O-O a6 5. Bd3 g6 6. c3 Bg7 7. a4 b6 8. Bc4 e6 9. d4 cxd4 10. cxd4 Ne7 11. Nc3 O-O 12. Bf4 Nb8 13. d5 e5 14. Be3 h6 15. Nd2 f5 16. f4 exf4 17. Bxf4 g5 18. Bg3 f4 19. Bf2 Nd7 20. Nb3 Ne5 21. Be2 N7g6 22. Nd4 g4 23. Nf5 h5 24. Nxg7 Kxg7 25. Qd4 f3 26. Bc4 fxg2 27. Kxg2 Kh7 28. Ne2 h4 29. Be3 Nf3 30. Qxb6 Qe7 31. Bd3 Nge5 32. Rac1 Nxd3 33. Rc7 Bd7 34. Qc6 h3+ 35. Kh1 Nfe5 36. Rxf8 Rxf8 37. Qxa6 Rf1+ 38. Ng1 Qf7 0-1

[Event "Caplin Hastings Masters 2023-24"]
[Site "Hastings"]
[Date "2024.01.02"]
[Round "6.43"]
[White "Gibbs, Dominic V"]
[Black "Norinkeviciute, Rasa"]
[Result "1-0"]
[ECO "B22"]
[WhiteElo "1795"]
[BlackElo "1905"]
[Annotator "NA RC"]
[PlyCount "105"]
[EventDate "2023.12.18"]
[EventType "swiss"]
[EventCountry "ENG"]
[SourceTitle "playchess.com"]
[Source "ChessBase"]
[SourceQuality "1"]
[TimeControl "40/6000+30:3000+30"]

1. e4 c5 2. c3 d5 3. exd5 Qxd5 4. d4 Nf6 5. Nf3 Bg4 6. dxc5 Qxc5 7. Na3 Nbd7 8. Be3 Qa5 9. h3 Bh5 10. Be2 e6 11. Nb5 Nd5 12. Bd4 a6 13. Na3 Bxa3 14. bxa3 O-O 15. O-O Qxa3 16. Bc4 N7f6 17. Bb3 b5 18. g4 Bg6 19. Ne5 Rac8 20. Rc1 Rfd8 21. Qf3 Be4 22. Qe2 Nf4 23. Qe3 Ng2 24. Qd2 Bb7 25. f3 Nh4 26. Qg5 h6 27. Qd2 Qd6 28. Qe1 g5 29. Rd1 Qe7 30. Qg3 Nd5 31. Bxd5 Rxd5 32. Nd3 Ng6 33. f4 Qc7 34. Kh2 Rxd4 35. cxd4 gxf4 36. Nxf4 Qc2+ 37. Ng2 Qxa2 38. Qf2 Qxf2 39. Rxf2 Kg7 40. Rdf1 Rc7 41. Ne3 Re7 42. Kg3 Nf8 43. h4 Nd7 44. g5 hxg5 45. hxg5 Nb6 46. Ng4 Nd5 47. Ne5 Bc8 48. Rxf7+ Rxf7 49. Rxf7+ Kg8 50. g6 a5 51. Ng4 b4 52. Nh6+ Kh8 53. Rh7# 1-0

[Event "Caplin Hastings Masters 2023-24"]
[Site "Hastings"]
[Date "2024.01.02"]
[Round "6.44"]
[White "Patel, Zain"]
[Black "Butt, Laurence"]
[Result "0-1"]
[ECO "C50"]
[WhiteElo "1841"]
[BlackElo "1688"]
[Annotator "NA RC"]
[PlyCount "98"]
[EventDate "2023.12.18"]
[EventType "swiss"]
[EventCountry "ENG"]
[SourceTitle "playchess.com"]
[Source "ChessBase"]
[SourceQuality "1"]
[TimeControl "40/6000+30:3000+30"]

1. e4 Nc6 2. Nf3 e5 3. d4 exd4 4. Bc4 Qe7 5. O-O d6 6. Nxd4 Nxd4 7. Qxd4 Be6 8. Nc3 Bxc4 9. Qxc4 c6 10. Bf4 g5 11. Bg3 h5 12. Qd4 Rh6 13. f4 g4 14. f5 Qd7 15. e5 d5 16. Bf4 Rh7 17. e6 Qd8 18. exf7+ Kxf7 19. Qe5 Bc5+ 20. Be3 Bxe3+ 21. Qxe3 Qb6 22. Qxb6 axb6 23. Ne2 Kf6 24. Nd4 Re7 25. a3 Re4 26. Ne6 Nh6 27. Nf4 h4 28. Nh5+ Kf7 29. f6 Rae8 30. a4 Re2 31. Rf2 Rxf2 32. Kxf2 Re5 33. Nf4 Kxf6 34. a5 bxa5 35. Rxa5 Re4 36. Nd3 Re7 37. Ra8 Kg7 38. Rb8 Nf5 39. Nc5 Nd6 40. Rd8 Nc4 41. Nd3 Ne3 42. c3 Nf5 43. Nf4 Re4 44. g3 hxg3+ 45. hxg3 Re3 46. Rd7+ Kf6 47. Rd6+ Ke7 48. Rxd5 Rf3+ 49. Ke1 cxd5 0-1

[Event "Caplin Hastings Masters 2023-24"]
[Site "Hastings"]
[Date "2024.01.02"]
[Round "6.45"]
[White "Binks, Michael"]
[Black "Prudent, Sylvio"]
[Result "1-0"]
[ECO "A90"]
[WhiteElo "2035"]
[BlackElo "1639"]
[Annotator "NA RC"]
[PlyCount "97"]
[EventDate "2023.12.18"]
[EventType "swiss"]
[EventCountry "ENG"]
[SourceTitle "playchess.com"]
[Source "ChessBase"]
[SourceQuality "1"]
[TimeControl "40/6000+30:3000+30"]

1. d4 f5 2. g3 e6 3. Bg2 Nf6 4. c4 d5 5. Nc3 c6 6. Qb3 Bd6 7. Nh3 O-O 8. Bf4 Bc7 9. Rc1 Ne4 10. Bxc7 Qxc7 11. cxd5 cxd5 12. Bxe4 fxe4 13. O-O Nc6 14. e3 h6 15. Nf4 Qf7 16. f3 exf3 17. Rxf3 e5 18. dxe5 Nxe5 19. Rff1 Bg4 20. Ncxd5 Nc6 21. Ng6 Qe6 22. Rxf8+ Rxf8 23. Nxf8 Kxf8 24. Rf1+ Kg8 25. Rf4 Kh7 26. Qd3+ Kg8 27. Nc7 Qc8 28. Nb5 Be6 29. b3 a6 30. Nd4 Nb4 31. Qd2 Bh3 32. a3 Nd5 33. Rh4 Ne7 34. Nf3 Bg4 35. Ne5 Bh3 36. Rc4 Qf8 37. Qf2 Qd8 38. Qf7+ Kh7 39. Rd4 Qc7 40. Nc4 Qc5 41. Re4 Ng8 42. Re8 Nf6 43. Re7 Nh5 44. Re5 Qc6 45. Qd5 Qf6 46. Nd2 b5 47. Rxh5 Qa1+ 48. Kf2 Qf6+ 49. Qf3 1-0

[Event "Caplin Hastings Masters 2023-24"]
[Site "Hastings"]
[Date "2024.01.02"]
[Round "6.46"]
[White "Metcalfe, Charlie P"]
[Black "Keely, Leo A"]
[Result "1/2-1/2"]
[ECO "A86"]
[WhiteElo "1760"]
[BlackElo "1908"]
[Annotator "NA RC"]
[PlyCount "72"]
[EventDate "2023.12.18"]
[EventType "swiss"]
[EventCountry "ENG"]
[SourceTitle "playchess.com"]
[Source "ChessBase"]
[SourceQuality "1"]
[TimeControl "40/6000+30:3000+30"]

1. d4 f5 2. g3 Nf6 3. Bg2 g6 4. c4 Bg7 5. Nc3 d6 6. Nh3 O-O 7. d5 a5 8. O-O Na6 9. Be3 Bd7 10. Nf4 c6 11. Na4 c5 12. Qb3 Bxa4 13. Qxa4 Qd7 14. Qxd7 Nxd7 15. Ne6 Rfb8 16. Nxg7 Kxg7 17. a4 Rf8 18. Bd2 Nb4 19. Rad1 Kg8 20. b3 Rf7 21. e4 Raf8 22. exf5 gxf5 23. Bf3 Nf6 24. Bh6 Rc8 25. Rfe1 Nc2 26. Rf1 Nd4 27. Bg2 Ng4 28. Bg5 Rc7 29. Rb1 Ne5 30. f4 Nd3 31. Rbd1 Nb4 32. Rb1 Kg7 33. Kf2 Kg6 34. Rfd1 Rc8 35. Rd2 Ra8 36. Kf1 Rc8 1/2-1/2

[Event "Caplin Hastings Masters 2023-24"]
[Site "Hastings"]
[Date "2024.01.02"]
[Round "6.47"]
[White "Han, Qixuan"]
[Black "Byrn, Carsten"]
[Result "0-1"]
[ECO "A11"]
[WhiteElo "1603"]
[BlackElo "1823"]
[Annotator "NA RC"]
[PlyCount "86"]
[EventDate "2023.12.18"]
[EventType "swiss"]
[EventCountry "ENG"]
[SourceTitle "playchess.com"]
[Source "ChessBase"]
[SourceQuality "1"]
[TimeControl "40/6000+30:3000+30"]

1. b3 Nf6 2. Bb2 d5 3. Nf3 g6 4. g3 Bg7 5. Bg2 O-O 6. c4 c6 7. O-O a5 8. Nc3 Nbd7 9. d4 Nb6 10. cxd5 Nbxd5 11. Nxd5 Nxd5 12. Re1 a4 13. e3 a3 14. Bc1 Nc3 15. Qc2 Nb5 16. Nh4 e5 17. dxe5 Bxe5 18. Bd2 Bxa1 19. Rxa1 Qf6 20. Rb1 Re8 21. e4 g5 22. Nf3 h6 23. Ne1 Bg4 24. f4 Qd4+ 25. Kh1 Rad8 26. Bc1 Bd1 27. Qc4 Qf2 28. Nd3 Qxa2 29. Ne5 Rxe5 30. fxe5 Qxb1 31. e6 Bh5 32. e7 Re8 33. g4 Bg6 34. h4 Rxe7 35. h5 Bxe4 36. Bxe4 Rxe4 37. Qxe4 Qxe4+ 38. Kh2 Qc2+ 39. Kg3 Qxc1 40. b4 Qe3+ 41. Kh2 a2 42. Kg2 a1=Q 43. Kh2 Qag1# 0-1

[Event "Caplin Hastings Masters 2023-24"]
[Site "Hastings"]
[Date "2024.01.02"]
[Round "6.48"]
[White "Kim, Sumin"]
[Black "Wilson, Matthew R"]
[Result "0-1"]
[ECO "D36"]
[WhiteElo "1358"]
[BlackElo "1771"]
[Annotator "NA RC"]
[PlyCount "102"]
[EventDate "2023.12.18"]
[EventType "swiss"]
[EventCountry "ENG"]
[SourceTitle "playchess.com"]
[Source "ChessBase"]
[SourceQuality "1"]
[TimeControl "40/6000+30:3000+30"]

1. d4 d5 2. c4 e6 3. Nc3 Nf6 4. cxd5 exd5 5. Bg5 c6 6. e3 Be7 7. Bd3 h6 8. Bh4 Nbd7 9. Qc2 Nh5 10. Bxe7 Qxe7 11. Nf3 Nf4 12. O-O Nxd3 13. Qxd3 Nf6 14. Ne5 O-O 15. Rab1 a5 16. Qc2 Bd7 17. a3 Qd6 18. b4 axb4 19. axb4 Ng4 20. Nxg4 Bxg4 21. f3 Bh5 22. Qd2 Rfd8 23. Rfc1 Bg6 24. Rb3 Ra7 25. b5 Rda8 26. e4 dxe4 27. fxe4 Ra3 28. e5 Qd8 29. Rxa3 Rxa3 30. bxc6 bxc6 31. Qf4 Qa5 32. Ne4 Bxe4 33. Qxe4 Qd2 34. Re1 Ra2 35. Rb1 Rb2 36. Ra1 Ra2 37. Rxa2 Qxa2 38. Kf1 Qc4+ 39. Kf2 c5 40. Qa8+ Kh7 41. Qe4+ g6 42. Ke3 Qc3+ 43. Qd3 cxd4+ 44. Ke4 Qc6+ 45. Kxd4 Qxg2 46. h3 Qf2+ 47. Kd5 Qf5 48. Qe3 g5 49. Qe4 Qxe4+ 50. Kxe4 Kg6 51. Kf3 Kf5 0-1

[Event "Caplin Hastings Masters 2023-24"]
[Site "Hastings"]
[Date "2024.01.03"]
[Round "7.1"]
[White "Zhang, Pengxiang"]
[Black "Gupta, Abhijeet"]
[Result "1/2-1/2"]
[ECO "C66"]
[WhiteElo "2558"]
[BlackElo "2596"]
[Annotator "TA"]
[PlyCount "107"]
[EventDate "2023.12.18"]
[EventType "swiss"]
[EventCountry "ENG"]
[SourceTitle "playchess.com"]
[Source "ChessBase"]
[SourceQuality "1"]
[TimeControl "40/6000+30:3000+30"]

1. e4 e5 2. Nf3 Nc6 3. Bb5 Nf6 4. d3 d6 5. O-O a6 6. Bxc6+ bxc6 7. Re1 c5 8. c3 {[%emt 0:03:03] White is slightly better.} Bg4 9. Nbd2 Be7 10. h3 Bd7 11. Nf1 O-O 12. Ng3 Re8 13. d4 cxd4 14. cxd4 exd4 15. Qxd4 c5 16. Qc3 d5 17. e5 d4 18. Qc2 Nd5 19. Bd2 Qb6 20. Rac1 Rac8 21. b3 h6 22. Ne4 Bf8 23. Qc4 Be6 $36 {[%emt 0:02:16][%mdl 2048] Black fights for an advantage.} 24. Qc2 Red8 25. Nh2 (25. Qd3 $15) 25... Nb4 $17 26. Bxb4 Qxb4 (26... cxb4 27. Qd3 $15) 27. Ng4 $2 (27. Nd2 $17) 27... d3 $19 28. Qd2 c4 29. bxc4 Rxc4 (29... Bxc4 30. Ne3 $17) 30. Rxc4 Qxc4 (30... Bxc4 $2 31. Ra1 $19) 31. Qe3 (31. Nd6 {was worth a try.} Bxd6 32. exd6) 31... Kh8 (31... Qxa2 32. Nxh6+ Kh8 33. Ng4 $17) 32. Rd1 Qxa2 33. Qb6 Qd5 {[%emt 0:03:17] ...Qd4 is the strong threat.} 34. Nd6 {[%emt 0:01:20] [#]} Be7 ({Better is} 34... Rd7 $1 $19 35. Qe3 (35. Qb8 $2 Kg8 $19) 35... h5) 35. Qxa6 $15 d2 36. Qe2 $1 Bg5 {[%emt 0:00:51] Strongly threatening ...Kg8.} 37. h4 Bf4 {[%emt 0:01:08][%cal Of7f6] This pair of bishops is nice.} 38. g3 $1 Bxg4 {[%emt 0:09:14][%mdl 64] [#] Remove Defender} (38... Bxe5 {looks sharper.} 39. Nxf7+ Bxf7 40. Nxe5 Kg8) 39. Qxg4 Bxe5 40. Rxd2 $1 {[%emt 0:00:37][%mdl 64] Deflection} Qxd2 41. Nxf7+ Kh7 (41... Kg8 $11 {keeps the balance.} 42. Nxd8 Bd4) 42. Nxd8 $16 (42. Nxe5 $2 {perishes.} Qe1+ 43. Kg2 Qxe5 $19) 42... Bxg3 {[%emt 0:01:36][%mdl 4096] Endgame KQB-KQN} (42... Qxd8 $16 43. Qf5+ g6 44. Qxe5 h5) 43. Qf5+ {[%emt 0:00:00] The position is equal.} Kg8 44. Qf7+ Kh7 45. Qf5+ Kg8 46. Qe6+ Kh7 47. Qe4+ Kg8 48. Qe8+ Kh7 49. fxg3 Qd1+ 50. Kg2 {[%emt 0:00:00] Hoping for Qe4+.} Qc2+ 51. Kf3 {[%emt 0:00:00] Threatens to win with Qe4+.} Qd1+ 52. Kf4 {[%emt 0:00:00] And now Qe4+ would win.} Qf1+ 53. Kg4 {[%emt 0:00:00] Qe4+ would be deadly.} Qd1+ 54. Kh3 {[%emt 0:00:28] And White is the lucky defender. An interesting game.   Weighted Error Value: White=0.11 (very precise) /Black=0.17 (very precise)} 1/2-1/2

[Event "Caplin Hastings Masters 2023-24"]
[Site "Hastings"]
[Date "2024.01.03"]
[Round "7.2"]
[White "Sulskis, Sarunas"]
[Black "Royal, Shreyas"]
[Result "1/2-1/2"]
[ECO "C78"]
[WhiteElo "2490"]
[BlackElo "2438"]
[Annotator "TA"]
[PlyCount "87"]
[EventDate "2023.12.18"]
[EventType "swiss"]
[EventCountry "ENG"]
[SourceTitle "playchess.com"]
[Source "ChessBase"]
[SourceQuality "1"]
[TimeControl "40/6000+30:3000+30"]

1. e4 e5 2. Nf3 Nc6 3. Bb5 a6 4. Ba4 Nf6 5. O-O b5 6. Bb3 Bc5 7. a4 Rb8 8. axb5 axb5 {[%emt 0:00:06] [#]} 9. Nxe5 $1 {[%emt 0:00:05][%mdl 64] Remove Defender, Deflection. C78: Ruy Lopez: Archangelsk and Möller Defences.} Nxe5 10. d4 Bxd4 11. Qxd4 {[%emt 0:00:04] White has an edge.} d6 12. f4 (12. Bf4 $5 ) 12... Nc6 13. Qc3 Ne7 14. Qd3 O-O 15. Nc3 c5 {[%emt 0:02:22] Strongly threatening ...c4.} 16. Nxb5 Nxe4 {[%emt 0:00:07][%mdl 64] [#] Deflection} 17. c4 $146 ({Predecessor:} 17. Qxe4 Rxb5 18. Ra7 Bd7 19. f5 Rb4 20. Qe1 Nxf5 21. Bd2 Rxb3 22. cxb3 Be6 23. Bc3 {0-1 Puranik,A (2603)-Arjun,K (2529) MPL Indian Chess Tour N3 rapid 2022 (14)}) 17... f5 18. Bd1 (18. Bc2 $11) 18... Bb7 ({Black should try} 18... Nc6 $1 $15) 19. Bf3 $11 d5 20. Nc3 Qb6 21. cxd5 {[%emt 0:04:03] aiming for Rd1.} c4+ 22. Qe3 Qxe3+ 23. Bxe3 Nxd5 24. Nxd5 Bxd5 25. Rfd1 Rfd8 26. Bd4 Rd7 27. Be5 {[%emt 0:06:06] This pair of bishops is nice.} Rbd8 28. g4 Nd2 {[%emt 0:07:57] The position is equal.} 29. Bxd5+ (29. Rxd2 {simplifies} Bxf3 30. Rxd7 Rxd7 31. gxf5 Be4 32. f6) 29... Rxd5 30. Kg2 {[%emt 0:00:12] Prevents Nf3} fxg4 31. Ra7 Nf3 32. Rxg7+ Kf8 33. Rxd5 Rxd5 34. Rxh7 {[%emt 0:01:21] Black must now prevent Bc3.} Nxe5 35. fxe5 Rxe5 {[%emt 0:00:06][%mdl 4096] Endgame KR-KR} 36. Rb7 Re3 37. Rb4 c3 38. bxc3 Rxc3 39. Rxg4 Rc7 40. Kg3 Rg7 41. h3 $1 Kg8 42. Kf4 Kh7 43. Rxg7+ Kxg7 44. Kg5 {[%emt 0:00:05] Weighted Error Value: White=0.05 (flawless) /Black=0.05 (flawless)} 1/2-1/2

[Event "Caplin Hastings Masters 2023-24"]
[Site "Hastings"]
[Date "2024.01.03"]
[Round "7.3"]
[White "Lagarde, Maxime"]
[Black "Jacobson, Brandon"]
[Result "0-1"]
[ECO "C78"]
[WhiteElo "2640"]
[BlackElo "2538"]
[Annotator "RC"]
[PlyCount "70"]
[EventDate "2023.12.18"]
[EventType "swiss"]
[EventCountry "ENG"]
[SourceTitle "playchess.com"]
[Source "ChessBase"]
[SourceQuality "1"]
[TimeControl "40/6000+30:3000+30"]

1. e4 e5 2. Nf3 Nc6 3. Bb5 a6 4. Ba4 Nf6 5. O-O Bc5 6. c3 b5 7. Bb3 d6 8. a4 Bb7 9. d4 Bb6 10. Re1 Ne7 11. a5 Ba7 12. c4 bxc4 13. Ba4+ Bc6 14. Bg5 Qd7 15. Nc3 Rb8 16. h3 Bxa4 17. Rxa4 Qe6 18. Nd5 Nexd5 19. exd5 Qxd5 20. Qc2 Bxd4 21. Nxd4 Qxd4 22. Rxc4 Qxb2 23. Qf5 Nd5 24. Rg4 Qb5 25. Bd2 g6 26. Qg5 f6 27. Qh6 Kf7 28. f4 Qd3 29. fxe5 dxe5 30. Kh2 Ne7 31. Bb4 c5 32. Bxc5 Nf5 33. Qc1 Rbc8 34. Rc4 Rhd8 35. Ree4 Rxc5 0-1